 Dungeon Crawl Stone Soup version 0.21-a0-201-g8501b10 (webtiles) character file.

39 Ijustatesigmund the Vexing (level 3, 0/29 HPs)
             Began as a Formicid Arcane Marksman on Aug 17, 2017.
             Succumbed to an adder's poison
             ... on level 2 of the Dungeon.
             The game lasted 00:03:59 (1194 turns).

Ijustatesigmund the Vexing (FoAM)                   Turns: 1194, Time: 00:04:01

Health: 0/29       AC:  5    Str: 14    XL:     3   Next: 67%
Magic:  4/4        EV: 16    Int: 12    God:
Gold:   57         SH:  0    Dex: 12    Spells: 3/4 levels left

rFire    . . .     SeeInvis +   g - -1 club (curse)
rCold    . . .     Gourm    .   (no shield)
rNeg     . . .     Faith    .   a - +0 robe
rPois    .         Spirit   .   (helmet unavailable)
rElec    .         Reflect  .   (no cloak)
rCorr    .         Harm     .   (no gloves)
MR       .....                  j - +2 pair of boots
Stlth    +.........             (no amulet)
HPRegen  0.09/turn              i - +4 ring of evasion
MPRegen  0.09/turn              (no ring)

@: lethally poisoned (0 -> -10)
A: permanent stasis, dig shafts and tunnels, four strong arms, antennae 3
a: Dig, Shaft Self


You were on level 2 of the Dungeon.
You were hungry.

You visited 1 branch of the dungeon, and saw 2 of its levels.

You collected 57 gold pieces.

Inventory:

Hand Weapons
 g - a cursed -1 club (weapon)
Missiles
 c - a javelin (quivered)
 d - a throwing net
Armour
 a - a +0 robe (worn)
 j - a +2 pair of boots (worn)
Jewellery
 i - a +4 ring of evasion (left hand)
Scrolls
 e - a scroll of identify
 h - a scroll of enchant weapon
Books
 b - a book of Debilitation

   Spells                             Type                      Level
   a - Corona                         Hexes                        1
   b - Slow                           Hexes                        2
   c - Inner Flame                    Hexes/Fire                   3
   d - Portal Projectile              Hexes/Translocation          3
   e - Cause Fear                     Hexes                        4
   f - Leda's Liquefaction            Hexes/Earth                  4
Comestibles
 f - 2 bread rations
 k - 3 chunks of flesh


   Skills:
 + Level 3.5 Fighting
 - Level 2.0 Throwing
 - Level 1.7 Dodging
 - Level 1.1 Spellcasting
 - Level 3.6 Hexes


You had 3 spell levels left.
You knew the following spells:

 Your Spells              Type           Power        Failure   Level  Hunger
a - Corona                Hex            #......      7%          1    ##.....


Dungeon Overview and Level Annotations

Branches:
Dungeon (2/15)

Altars:


Innate Abilities, Weirdness & Mutations

You cannot be hasted, slowed, berserked, paralysed or teleported.
You can dig through walls and to a lower floor.
Your four strong arms can wield two-handed weapons with a shield.
You have a pair of large antennae on your head. (SInv)


Message History

You barely miss the adder.
The adder is moderately wounded.
* * * LOW HITPOINT WARNING * * *
You feel sick. The adder closely misses you. The adder misses you.
You barely miss the adder.
The adder is moderately wounded.
* * * LOW HITPOINT WARNING * * *
You feel sick. The adder closely misses you.
You hit the adder.
The adder is severely wounded.
* * * LOW HITPOINT WARNING * * *
You feel sick. The adder closely misses you. x2
You hit the adder.
You kill the adder!
* * * LOW HITPOINT WARNING * * *
You feel sick.
* * * LOW HITPOINT WARNING * * *
You feel sick.
Found a scroll labeled MOLIRIYRAT.
You die...

**,,,,,,** **,*,,,,***.......
******..* *...##.,**,...##.
*#.### *......,,,,...#..
#...####....#*,**......#
**#****#........(.###.,,.....##
*,..,,*#....#.....(...,,.......
*,...,*#...........?..**##.#...
*,....##...##...%.....*###...##
*,.....>......@.......##.......
*,.......................#.....
*,,...###.###...>...(.........#
*,,,,,* #.# #.........#...#....
*########.# #####.#..#.........
*.........## ##.#.#..........
*..........## #...............
*........#..####..#..#.........
*..............................


There were no monsters in sight!

Vanquished Creatures
  2 adders (D:2)
  A dart slug (D:1)
  2 leopard geckos (D:1)
  A giant cockroach (D:1)
  3 goblins
  2 hobgoblins
  A quokka (D:2)
  2 bats (D:1)
  2 kobolds (D:1)
  2 rats
18 creatures vanquished.

Notes
Turn   | Place    | Note
-------+----------+-------------------------------------------
     0 | D:1      | Ijustatesigmund the Formicid Arcane Marksman began the quest for the Orb.
     0 | D:1      | Reached XP level 1. HP: 15/15 MP: 2/2
   181 | D:1      | Reached XP level 2. HP: 22/22 MP: 3/3
   690 | D:2      | Reached XP level 3. HP: 29/29 MP: 2/4
  1192 | D:2      | HP: 1/29 [poisoned by an adder]
  1194 | D:2      | Succumbed to an adder's poison

Vault maps used:
D:1:      nagdon_arrival_double_spiral, solitary_fountain
D:2:      lemuel_round_altar, first_bread, minmay_hedge_maze

Skill      XL: |  1  2 |
---------------+-------+-----
Fighting       | 2 3 |  3.5
Throwing       | |  2.0
Dodging        | |  1.7
Spellcasting   | |  1.1
Hexes          | |  3.6

Action                   || total
-------------------------++-------
Melee: Club              ||   103
Throw: Javelin           ||    23
       Throwing net      ||     1
 Cast: Corona            ||    11
  Use: Scroll            ||     4
       Potion            ||     1
  Eat: Chunk             ||     1
Armor: Robe              ||    33
Dodge: Dodged            ||   124
